AoeStats
← AutoEveryThing

Black Forest

509855013Analyzed
2v2 RM · 4d ago on Sep 28, 2026· 38m 26s· 4 players
Game mode
Random Map
Map size
Medium (4 player)
Population
200
Speed
Normal
Resources
Standard
Victory
Conquest
Starting age
Dark Age
Ending age
Imperial Age
RankedLock teamsTeams togetherTeam positionsShared explorationLock speedFull tech treeHidden civsTurbo modeCheats
Victory
Defeat
🇦🇺 Malay · Australia
1433
+12
🇪🇸 Saracens · Spain
1411
+13
🇹🇼 Wei · Taiwan
1363
-13
🇹🇼 Danes · Taiwan
1332
-12
AutoEveryThing
1:15 Loom
12:08 Feudal Age
15:30 Castle Age
14:59 Fishing Lines
16:22 Double-Bit Axe
18:13 Horse Collar
18:53 Bow Saw
23:04 Wheelbarrow
24:17 Hand Cart
25:44 Heavy Plow
25:55 Gold Mining
28:45 Imperial Age
26:36 Scale Barding Armor
27:20 Forging
27:49 Husbandry
29:25 Chemistry
29:01 Iron Casting
28:55 Elite Battle Elephant
30:55 Blast Furnace
30:48 Gold Shaft Mining
30:38 Town Watch
34:27 Man-at-Arms
35:24 Forced Levy
35:17 Long Swordsman
36:31 Squires
36:59 Conscription
36:09 Two-Handed Swordsman
37:52 Arson
JITANOmaleant7
0:48 Loom
11:40 Feudal Age
15:49 Castle Age
14:32 Double-Bit Axe
16:16 Gold Mining
17:04 Wheelbarrow
21:40 Bow Saw
23:59 Horse Collar
30:13 Imperial Age
28:11 Scale Barding Armor
28:17 Heavy Plow
29:54 Gold Shaft Mining
29:11 Stone Mining
30:39 Chain Barding Armor
30:31 Forging
31:08 Bloodlines
30:58 Husbandry
32:01 Chemistry
31:24 Siege Engineers
31:49 Masonry
35:00 Conscription
35:32 Iron Casting
36:11 Plate Barding Armor
36:16 Elite Mameluke
37:59 Blast Furnace
stevenmin830605
0:41 Loom
10:19 Feudal Age
10:40 Horse Collar
10:47 Double-Bit Axe
11:45 Wheelbarrow
18:17 Castle Age
16:25 Gold Mining
16:49 Stone Mining
19:15 Bow Saw
19:06 Heavy Plow
19:46 Bloodlines
22:45 Hand Cart
22:56 Town Watch
25:30 Treadmill Crane
27:58 Ballistics
30:53 Imperial Age
29:16 Stone Shaft Mining
29:19 Gold Shaft Mining
28:47 Fletching
29:25 Tuntian
30:10 Stone Shaft Mining
29:43 Husbandry
30:08 Bodkin Arrow
30:19 Scale Barding Armor
31:01 Masonry
31:56 Conscription
31:42 Bracer
32:43 Chemistry
31:15 Heavy Hei Guang Cavalry
32:35 Crop Rotation
33:39 Padded Archer Armor
34:00 Chain Barding Armor
34:46 Ming Guang Armor
34:26 Murder Holes
35:11 Thumb Ring
35:32 Parthian Tactics
37:43 Forging
37:49 Leather Archer Armor
37:48 Guard Tower
Shrek, the driver
14:17 Feudal Age
18:38 Castle Age
16:59 Double-Bit Axe
17:22 Fishing Lines
17:54 Horse Collar
19:38 Bow Saw
22:56 Gillnets
24:04 Stone Mining
25:30 Wheelbarrow
26:12 Heavy Plow
26:40 Hand Cart
30:24 Imperial Age
27:59 Loom
28:00 Town Watch
28:26 Pikeman
29:07 Squires
29:28 Scale Mail Armor
29:16 Arson
31:07 Chain Mail Armor
30:37 Heavy Scorpion
31:12 Halberdier
32:05 Forging
32:30 Hoardings
31:42 Gambesons
32:14 Siege Engineers
32:54 Conscription
32:06 Capped Ram
33:29 Plate Mail Armor
34:32 Iron Casting
34:54 Northmen's Fury
36:42 Chemistry
37:17 Gambesons
38:33 Blast Furnace
Connection lost

Rejoining the realm…

Still unreachable

The connection could not be restored.

Session expired

The server has moved on; the page needs a fresh start.